 Dungeon Crawl Stone Soup version 0.32-a0-41-gec2d92a32c (webtiles) character file.

Game seed: 6835970449915276176

29430 pokeman the Eclecticist (level 13, -5/72 HPs)
             Began as a Deep Elf Hedge Wizard on Jan 26, 2024.
             Was a High Priest of Vehumet.
             Killed from afar by a Hell Sentinel (47 damage)
             ... with damnation
             ... on level 2 of the Abyss.
             The game lasted 00:55:55 (14755 turns).

pokeman the Eclecticist (Deep Elf Hedge Wizard)    Turns: 14755, Time: 00:55:56

Health: -5/72      AC: 15    Str:  7    XL:     13   Next: 15%
Magic:  45/46      EV: 13    Int: 25    God:    Vehumet [*****.]
Gold:   1765       SH:  0    Dex: 14    Spells: 32/48 levels left

rFire   + . .        w - staff of cold
rCold   + + .        (no shield)
rNeg    . . .        c - +2 robe {rC+ rF+}
rPois   +            C - +0 helmet
rElec   .            U - +0 cloak {Will+}
rCorr   .            s - +0 pair of gloves of Leapfrog {rPois}
SInv    .            S - +2 pair of boots
Will    ++...        G - amulet of magic regeneration
Stlth   ++           I - +4 ring of protection
HPRegen 0.32/turn    b - ring of magical power
MPRegen 0.70/turn

%: no passive effects
@: on blink cooldown
A: no striking features
a: Renounce Religion


You were on level 2 of the Abyss.
You worshipped Vehumet.
Vehumet was extremely pleased with you.
You visited 2 branches of the dungeon, and saw 14 of its levels.
You visited the Abyss 1 time.
You also visited: Bailey and Gauntlet.

You collected 1820 gold pieces.
You spent 55 gold pieces at shops.

Inventory:

Hand Weapons
 T - the +8 frozen axe "Frostbite" {freeze, freezing cloud, *Noise Fly rC+}
   (You took it off a hobgoblin in a bailey)

   rC+:       It protects you from cold.
   Fly:       It grants you flight.
   *Noise:    It may make a loud noise when swung.
Armour
 c - a +2 robe of resistance (worn)
 s - the +0 pair of gloves of Leapfrog (worn) {rPois}
   (You found it in a Gauntlet)

   rPois:     It protects you from poison
 u - a +3 ring mail of cold resistance
 C - a +0 helmet (worn)
 S - a +2 pair of boots (worn)
 U - a +0 cloak of willpower (worn)
Magical Staves
 w - a staff of cold (weapon)
 P - a staff of fire
Jewellery
 b - a ring of magical power (right hand)
 r - a +6 ring of dexterity
 v - the ring of Zaheun {Fly rF+ rC- rN++ Str+2}
   (You found it in a Gauntlet)

   [ring of protection from fire]

   Str+2:     It affects your strength (+2).
   rF+:       It protects you from fire.
   rC-:       It makes you vulnerable to cold.
   rN++:      It greatly protects you from negative energy.
   Fly:       It grants you flight.
 x - a ring of ice
 G - an amulet of magic regeneration (around neck)
 I - a +4 ring of protection (left hand)
Wands
 m - a wand of flame (20)
 y - a wand of charming (1)
 J - a wand of roots (21)
 V - a wand of quicksilver (2)
Scrolls
 a - a scroll of enchant weapon
 e - a scroll of amnesia
 f - 2 scrolls of noise
 g - 2 scrolls of enchant armour
 n - a scroll of torment
 q - a scroll of fear
 D - 3 scrolls of revelation
 K - 6 scrolls of teleportation
 O - a scroll of immolation
 W - 2 scrolls of poison
 X - a scroll of blinking {unknown}
Potions
 d - 4 potions of magic
 h - 2 potions of haste {unknown}
 i - 2 potions of lignification {unknown}
 j - 2 potions of brilliance {unknown}
 k - 3 potions of curing {unknown}
 l - 2 potions of enlightenment
 o - 2 potions of attraction {unknown}
 p - 5 potions of heal wounds
 t - 2 potions of might {unknown}
 z - 2 potions of ambrosia {unknown}
 A - a potion of mutation
 L - 2 potions of resistance {unknown}
 Q - a potion of degeneration {unknown}


   Skills:
 - Level 5.1 Fighting
 - Level 5.0 Armour
 - Level 3.0 Dodging
 - Level 3.1 Stealth
 + Level 3.9 Shields
 * Level 18.4 Spellcasting
 + Level 11.1 Conjurations
 - Level 1.1 Summonings
 - Level 1.2 Necromancy
 - Level 1.1 Translocations
 - Level 1.2 Fire Magic
 + Level 10.7 Ice Magic
 - Level 1.2 Air Magic
 - Level 1.0 Alchemy
 - Level 1.0 Evocations


You had 32 spell levels left.
You knew the following spells:

 Your Spells              Type           Power      Damage    Failure   Level
a - Magic Dart            Conj           100%       1d8       0%          1
b - Mephitic Cloud        Conj/Alch/Air  45%        N/A       1%          3
c - Call Imp              Summ           56%        N/A       1%          2
d - Blink                 Tloc           56%        N/A       1%          2
e - Hailstorm             Conj/Ice       86%        3d14      1%          3
f - Freezing Cloud        Conj/Ice/Air   37%        6-21      1%          5

Your spell library contained the following spells:

 Spells                   Type           Power      Damage    Failure   Level
 Freeze                   Ice            100%       1d10      1%          1
 Slow                     Hex            92%        N/A       1%          1
 Cigotuvi's Dreadful Rot  Necr/Alch/Air  58%        N/A       1%          2
 Ensorcelled Hibernation  Hex/Ice        100%       N/A       1%          2
 Dazzling Flash           Conj/Hex       100%       N/A       1%          3
 Frozen Ramparts          Ice            100%       1d16      1%          3
 Arcjolt                  Conj/Air       26%        1d36      1%          5
 Fugue of the Fallen      Necr           29%        N/A       3%          3
 Animate Dead             Necr           29%        N/A       12%         4
 Vhi's Electric Charge    Tloc/Air       56%        N/A       13%         4
 Anguish                  Hex/Necr       13%        N/A       16%         4
 Curse of Agony           Necr           29%        N/A       34%         5
 Alistair's Intoxication  Alch           18%        N/A       36%         5
 Borgnjor's Vile Clutch   Necr/Erth      13%        N/A       41%         5
 Silence                  Hex/Air        13%        N/A       41%         5
 Plasma Beam              Fire/Air       14%        2x1d25    41%         6
 Eringya's Noxious Bog    Alch           14%        4d6       45%         6
 Death Channel            Necr           14%        N/A       88%         6


Dungeon Overview and Level Annotations

Branches:
Dungeon (13/15)            Temple (1/1) D:7            Lair (0/5) D:11
    Orc (0/2) D:9          Bailey (visited)         Gauntlet (visited)
 Vaults: D:13-14

Altars:
Ashenzari
Cheibriados
Dithmenos
Elyvilon
Fedhas
Gozag
Hepliaklqana
Kikubaaqudgha
Makhleb
Nemelex Xobeh
Okawaru
Qazlal
Ru
Sif Muna
Trog
Uskayaw
Vehumet
Wu Jian
Xom
Yredelemnul
Zin
The Shining One

Shops:
D:3 (   D:7 *


Message History

Vehumet accepts your kill.
You feel your power returning.
Casting: Hailstorm (safe; 1% risk of failure)
Confirm with . or Enter, or press ? or * to list all spells.
Casting: Hailstorm (safe; 1% risk of failure)
Press: ? - help, Dir - look around, f - activate You feel a surge of power!
A cannonade of hail descends around you!
The hail pelts the raiju!
The raiju is severely wounded.
Unknown command.
You swap places.
Casting: Hailstorm (safe; 1% risk of failure)
Confirm with . or Enter, or press ? or * to list all spells.
Casting: Hailstorm (safe; 1% risk of failure)
Press: ? - help, Dir - look around, f - activate You feel a surge of power!
A cannonade of hail descends around you!
The hail pelts the raiju!
You kill the raiju!
Vehumet accepts your kill.
You feel your power returning.
A lich comes into view.
As you read the scroll of teleportation, it crumbles to dust.
You feel strangely unstable.
You feel the power of the Abyss delaying your translocation!
You are suddenly pulled into a different region of the Abyss!
You start resting.
A silent spectre assembles itself!
You are suddenly pulled into a different region of the Abyss!
You start resting.
A Hell Sentinel bursts from nowhere.
Casting: Hailstorm (safe; 1% risk of failure)
Confirm with . or Enter, or press ? or * to list all spells.
You blink.
The Hell Sentinel roars!
The Hell Sentinel gestures at you.
The sphere of damnation explodes!
The damnation engulfs you!!!
Ouch! That really hurt!
You die...

. . .. . ..# ..
..##.. #..##..
.... ....... ..
.......... ... ..
# #.. #..## .# .#
..##..##..##..## .
..................
..
.......@........
... .
..##..##..##..#
..# . #.
#..##..##..## .
.... ............
. . ..
............ . #
.. .##..##..## .
#.. ..##..##§§#
..........1§.....
.. ...............


You could see a Hell Sentinel.

Vanquished Creatures
  Rupert (D:12)
  A minotaur (Gauntlet)
  2 great orbs of eyes
  A boulder beetle (D:12)
  2 two-headed ogres
  2 death yaks (D:8)
  2 tengu warriors (D:11)
  An orc high priest (Bailey)
  Pikel (D:7)
  An orc knight (Bailey)
  2 ugly things
  An orc sorcerer (Bailey)
  A manticore (D:11)
  2 cyclopes
  The ghost of Azoth the Skirmisher, a novice DEHu (D:6)
  2 smoke demons (Abyss:2)
  3 gargoyles
  A komodo dragon (D:11)
  A kobold demonologist (D:12)
  Psyche (D:12)
  6 trolls
  3 polar bears (D:8)
  A raiju (Abyss:2)
  Grinder (D:3)
  A hornet (D:7)
  A vampire (D:10)
  5 slime creatures (D:12)
  A ynoxinul (Abyss:2)
  25 yaks
  A basilisk (D:12)
  2 vampire mosquitoes (D:12)
  Menkaure (D:4)
  A small abomination (Abyss:2)
  An acid dragon (D:12)
  5 water moccasins
  3 black bears
  2 ice beasts
  A sky beast (D:7)
  An ogre (D:5)
  17 orc warriors
  5 wolves
  3 centaurs
  A lemure (D:7)
  3 phantoms
  4 kobold brigands (D:9)
  A brain worm (Abyss:2)
  4 bullfrogs
  4 scorpions
  3 gnoll sergeants
  12 wights
  A hornet simulacrum (D:8)
  9 killer bees
  3 howler monkeys
  7 electric eels (Bailey)
  3 orc priests
  7 hounds
  3 gnoll boudas
  16 orc wizards
  Ijyb (D:4)
  3 iguanas
  A centaur simulacrum (D:8)
  Robin (D:4)
  35 gnolls
  12 adders
  8 white imps
  A howler monkey simulacrum (D:8)
  3 ufetubi
  3 dart slugs
  43 orcs
  7 ball pythons
  9 bats
  4 endoplasms
  3 giant cockroaches
  21 goblins
  11 hobgoblins
  10 kobolds
  6 quokkas
  3 frilled lizards
  5 rats
  A lurking horror (Abyss:2)
388 creatures vanquished.

Vanquished Creatures (others)
  7 starspawn tentacles (Abyss:2)
7 creatures vanquished.

Grand Total: 395 creatures vanquished

Notes
Turn   | Place    | Note
-------+----------+-------------------------------------------
     0 | D:1      | pokeman the Deep Elf Hedge Wizard began the quest for the
                  | Orb.
     0 | D:1      | Reached XP level 1. HP: 10/10 MP: 7/7
   176 | D:1      | Reached XP level 2. HP: 7/16 MP: 3/9
   425 | D:1      | Found a faded altar of an unknown god.
   734 | D:1      | Reached skill level 5 in Spellcasting
   897 | D:1      | Reached XP level 3. HP: 20/20 MP: 9/11
   901 | D:1      | Learned a level 3 spell: Mephitic Cloud
   904 | D:1      | Learned a level 2 spell: Call Imp
   907 | D:1      | Learned a level 2 spell: Blink
  1132 | D:2      | Reached skill level 1 in Armour
  1413 | D:2      | Identified the +4 sling of the Valley of Death {freeze,
                  | Int+6}
  1548 | D:2      | Reached skill level 1 in Fighting
  2060 | D:3      | Found a radiant altar of Vehumet.
  2069 | D:3      | Became a worshipper of Vehumet
  2219 | D:3      | Found Jiro's Antique Weapon Boutique.
  2251 | D:3      | Reached XP level 4. HP: 25/25 MP: 11/13
  2768 | D:3      | Noticed Grinder
  2982 | D:4      | Noticed Ijyb
  2991 | D:4      | Killed Ijyb
  3085 | D:4      | Reached XP level 5. HP: 29/29 MP: 6/15
  3200 | D:4      | Noticed a phantom
  3202 | D:4      | Reached skill level 6 in Spellcasting
  3209 | D:4      | Killed a phantom
  3210 | D:4      | Reached skill level 1 in Alchemy
  3213 | D:4      | Reached skill level 1 in Evocations
  3228 | D:4      | Reached skill level 1 in Air Magic
  3228 | D:4      | Reached XP level 6. HP: 29/34 MP: 4/17
  3468 | D:4      | Noticed Menkaure
  3476 | D:4      | Killed Menkaure
  3477 | D:4      | Reached skill level 7 in Spellcasting
  3477 | D:4      | Reached skill level 1 in Ice Magic
  3552 | D:4      | Reached * piety under Vehumet
  3552 | D:4      | Offered knowledge of Freeze by Vehumet.
  3785 | D:4      | Reached XP level 7. HP: 39/39 MP: 19/19
  3844 | D:4      | Noticed Robin
  3847 | D:4      | Killed Robin
  4034 | D:5      | Entered Level 5 of the Dungeon
  4083 | D:5      | Learned a level 3 spell: Hailstorm
  4354 | D:5      | Reached skill level 8 in Spellcasting
  4555 | D:5      | Reached skill level 1 in Necromancy
  4821 | D:5      | Reached XP level 8. HP: 44/44 MP: 14/22
  5045 | D:6      | Reached skill level 9 in Spellcasting
  5415 | D:7      | Reached ** piety under Vehumet
  5456 | D:7      | Noticed Pikel
  5474 | D:7      | Killed Pikel
  5474 | D:7      | Offered knowledge of Momentum Strike by Vehumet.
  5475 | D:7      | Reached skill level 10 in Spellcasting
  5475 | D:7      | Reached skill level 5 in Conjurations
  5601 | D:7      | Found Bemawot's General Store.
  5609 | D:7      | Bought a potion of heal wounds for 55 gold pieces
  5623 | D:7      | Noticed a hornet
  5631 | D:7      | Killed a hornet
  5632 | D:7      | Reached XP level 9. HP: 27/48 MP: 25/25
  5866 | D:7      | Reached skill level 11 in Spellcasting
  5866 | D:7      | Reached skill level 5 in Ice Magic
  5998 | D:7      | Found a broken altar of Ashenzari.
  5998 | D:7      | Found an ancient bone altar of Kikubaaqudgha.
  6384 | D:6      | Offered knowledge of Volatile Blastmotes by Vehumet.
  6425 | D:6      | Found a runed translucent door.
  6474 | D:6      | Noticed Azoth's ghost (novice DEHu)
  6893 | D:7      | Found a staircase to the Ecumenical Temple.
  7044 | D:7      | Reached skill level 12 in Spellcasting
  7045 | D:7      | Reached *** piety under Vehumet
  7202 | D:8      | Offered knowledge of Flame Wave by Vehumet.
  7203 | D:8      | Reached XP level 10. HP: 56/56 MP: 20/28
  7392 | D:8      | Reached skill level 13 in Spellcasting
  7469 | D:8      | Noticed a death yak
  7487 | D:8      | Killed a death yak
  7488 | D:8      | Reached skill level 1 in Fire Magic
  7643 | D:8      | Reached **** piety under Vehumet
  7644 | D:8      | Noticed a death yak
  7650 | D:8      | Killed a death yak
  7659 | D:8      | Offered knowledge of Brom's Barrelling Boulder by Vehumet.
  7660 | D:8      | Reached skill level 14 in Spellcasting
  8232 | D:9      | Found a flagged portal.
  8241 | D:9      | Reached XP level 11. HP: 61/61 MP: 31/31
  8252 | Bailey   | Entered a bailey
  8277 | Bailey   | Noticed an orc knight
  8291 | Bailey   | Killed an orc knight
  8503 | Bailey   | Noticed an orc sorcerer
  8513 | Bailey   | Killed an orc sorcerer
  8516 | Bailey   | Reached ***** piety under Vehumet
  8541 | Bailey   | Offered knowledge of Freezing Cloud by Vehumet.
  8560 | Bailey   | Learned a level 5 spell: Freezing Cloud
  8782 | Bailey   | Noticed an orc high priest
  8791 | Bailey   | Killed an orc high priest
  8794 | Bailey   | Reached skill level 15 in Spellcasting
  9006 | Bailey   | Found an iron altar of Okawaru.
  9338 | D:9      | Reached skill level 5 in Armour
  9530 | D:9      | Found a staircase to the Orcish Mines.
  9698 | D:9      | Found a white marble altar of Elyvilon.
 10021 | D:9      | Noticed a two-headed ogre
 10032 | D:9      | Killed a two-headed ogre
 10293 | Temple   | Entered the Ecumenical Temple
 10323 | Temple   | Acquired 945 gold pieces
 10523 | D:3      | Killed Grinder
 10702 | D:6      | Killed Azoth's ghost
 10843 | D:10     | Entered Level 10 of the Dungeon
 11115 | D:10     | Reached skill level 16 in Spellcasting
 11590 | D:11     | Reached XP level 12. HP: 43/68 MP: 27/34
 11591 | D:11     | Reached skill level 5 in Fighting
 11594 | D:11     | Noticed a tengu warrior
 11613 | D:11     | Killed a tengu warrior
 11675 | D:11     | Noticed a tengu warrior
 11681 | D:11     | Killed a tengu warrior
 11691 | D:11     | Found a staircase to the Lair.
 11749 | D:11     | Reached skill level 10 in Conjurations
 11893 | D:11     | Reached skill level 1 in Shields
 12099 | D:11     | Noticed a two-headed ogre
 12118 | D:11     | Killed a two-headed ogre
 12212 | D:11     | Reached skill level 17 in Spellcasting
 12359 | D:12     | Noticed a boulder beetle
 12410 | D:12     | Found a gate leading to a gauntlet.
 12463 | Gauntlet | Entered a Gauntlet
 12463 | Gauntlet | Noticed a green death
 12463 | Gauntlet | Found a transporter.
 12463 | Gauntlet | Found a transporter.
 12467 | Gauntlet | Found a transporter.
 12469 | Gauntlet | Found a transporter.
 12481 | Gauntlet | Found a transporter.
 12502 | Gauntlet | Noticed a great orb of eyes
 12545 | Gauntlet | Found a transporter.
 12554 | Gauntlet | Noticed a tengu warrior
 12555 | Gauntlet | Found a transporter.
 12560 | Gauntlet | Noticed a death scarab
 12563 | Gauntlet | Found a transporter.
 12570 | Gauntlet | Found a transporter.
 12577 | Gauntlet | Found a transporter.
 12614 | Gauntlet | Found a transporter.
 12641 | Gauntlet | Found a transporter.
 12708 | Gauntlet | Identified the +0 pair of gloves of Leapfrog {rPois}
 12874 | Gauntlet | Killed a great orb of eyes
 12875 | Gauntlet | Reached skill level 10 in Ice Magic
 12959 | Gauntlet | Identified the ring of Zaheun {Fly rF+ rC- rN++ Str+2}
 12992 | Gauntlet | Noticed a minotaur
 12999 | Gauntlet | Killed a minotaur
 13340 | D:12     | Noticed Rupert
 13362 | D:12     | Killed Rupert
 13523 | D:12     | Noticed Psyche
 13529 | D:12     | Killed Psyche
 13659 | D:12     | Reached skill level 18 in Spellcasting
 13913 | D:12     | Reached XP level 13. HP: 72/72 MP: 37/37
 14358 | Abyss:2  | Cast into level 2 of the Abyss (an occultist)
 14376 | Abyss:2  | Noticed a starcursed mass
 14404 | Abyss:2  | Noticed a tentacled starspawn
 14425 | Abyss:2  | Noticed a bone dragon
 14527 | Abyss:2  | Noticed a tentacled starspawn
 14549 | Abyss:2  | HP: 3/72 [smoke demon/divine providence (13)]
 14669 | Abyss:2  | Noticed a lich
 14754 | Abyss:2  | Noticed a Hell Sentinel
 14755 | Abyss:2  | Killed from afar by a Hell Sentinel

Illustrated notes

Levels and vault maps discovered:
D:1:      psy_arrival_statuary, layout_loops_ring,
          hellmonk_ecumenical_altar_crossroads, st_stairs_10
D:2:      layout_basic, minmay_misc_feat_five
D:3:      layout_loops_corners, mainiacjoe_overflow_paths, serial_shops,
          nicolae_shop_rolling_square, uniq_grinder
D:4:      layout_rooms, uniq_ijyb, uniq_robin, uniq_menkaure
D:5:      layout_gridville, hangedman_decor_points
D:6:      layout_basic, ebering_ghost_sewer_d
D:7:      layout_basic, mainiacjoe_overflow_divided_tiny,
          minmay_temple_entry_slanted, serial_shops,
          nicolae_shop_just_a_little_nook, uniq_pikel
D:8:      layout_basic, serial_ice, serial_ice_b, serial_ice_m, serial_ice_c,
          serial_ice_o, serial_ice_i, serial_ice_n
D:9:      layout_long_grid, kennysheep_little_box, erik_orc_3, enter_bailey_4
D:10:     layout_long_grid
D:11:     layout_irregular_city, due_lair_maze_entry_diamond
D:12:     layout_basic, gauntlet_entry_generic, uniq_rupert, uniq_psyche
D:13:     cheibrodos_wizards_tower, layout_loops_ring, david_vaults_4,
          minmay_quadrilaterals
Temple:   eino_narrow_crystal_temple
Abyss:2:  base: D:7, spicy_abyss_helpful_harpoons,
          hangedman_abyss_or_decor_stabs, evilmike_abyss_exit_14

Skill      XL: |  1  2  3  4  5  6  7  8  9 10 11 12 |
---------------+-------------------------------------+-----
Spellcasting   | 5 6 7 8 10 12 14 16 18 | 18.4
Armour         | 1 2 3 4 5 |  5.0
Fighting       | 1 2 3 4 5 |  5.1
Conjurations   | 2 3 4 5 7 8 9 11 | 11.1
Dodging        | 3 |  3.0
Stealth        | 3 |  3.1
Alchemy        | 1 |  1.0
Evocations     | 1 |  1.0
Air Magic      | 1 |  1.2
Ice Magic      | 1 3 4 6 7 9 10 | 10.7
Necromancy     | 1 |  1.2
Fire Magic     | 1 |  1.2
Shields        | 3 |  3.9
Summonings     | |  1.1
Translocations | |  1.1

Action                     |  1- 3 |  4- 6 |  7- 9 | 10-12 | 13-15 || total
---------------------------+-------+-------+-------+-------+-------++-------
  Melee: Dagger            |     7 |       |   137 |    87 |       ||   231
         Punch             |       |       |     3 |     3 |       ||     6
         Staff             |       |       |       |    68 |     4 ||    72
   Fire: Sling             |    13 |    23 |    10 |       |       ||    46
   Cast: Magic Dart        |    85 |    85 |   109 |   158 |     9 ||   446
         Mephitic Cloud    |       |     1 |    28 |    59 |     4 ||    92
         Blink             |       |     1 |     1 |     2 |     5 ||     9
         Hailstorm         |       |       |    28 |   128 |    19 ||   175
         Call Imp          |       |       |     4 |    14 |     2 ||    20
         Freezing Cloud    |       |       |       |    55 |     9 ||    64
  Evoke: Wand              |       |       |       |     1 |       ||     1
    Use: Scroll            |       |       |       |    16 |     2 ||    18
         Potion            |       |       |       |       |     1 ||     1
   Stab: Confused          |       |       |    21 |    17 |       ||    38
         Sleeping          |       |       |     2 |       |       ||     2
 Armour: Robe              |    16 |    15 |    60 |   148 |    20 ||   259
  Dodge: Dodged            |    16 |    15 |    92 |   150 |     5 ||   278

Table legend: (Time is in decaauts)
 A = Elapsed time spent in this place.
 B = Non-inter-level travel time spent in this place.
 C = Inter-level travel time spent in this place.
 D = Time resting spent in this place.
 E = Time spent auto-exploring this place.
 F = Levels seen in this place.
 G = Mean time per level.
                   A        B        C        D        E       F      G
               +--------+--------+--------+--------+--------+-----+--------+
         Total |  14811 |  13831 |    980 |   1036 |   9717 |  17 |  871.2 |
       Dungeon |  12549 |  11571 |    978 |    278 |   9214 |  13 |  965.3 |
        Temple |     32 |     31 |      1 |      0 |      0 |   1 |   32.0 |
         Abyss |    395 |    395 |      0 |    122 |      0 |   1 |  395.0 |
        Bailey |   1079 |   1079 |      0 |    327 |    423 |   1 | 1079.0 |
      Gauntlet |    754 |    754 |      0 |    309 |     79 |   1 |  754.0 |
               +--------+--------+--------+--------+--------+-----+--------+

Top non-repeatable levels by time:
     D:7: 1433 daAuts
    D:12: 1221 daAuts
     D:6: 1126 daAuts
     D:1: 1113 daAuts
     D:5: 1090 daAuts
     D:3: 1083 daAuts
     D:4: 1079 daAuts
  Bailey: 1079 daAuts
     D:8: 995 daAuts
     D:9: 979 daAuts
     D:2: 880 daAuts
    D:11: 857 daAuts
Gauntlet: 754 daAuts
    D:10: 658 daAuts
 Abyss:2: 395 daAuts
